 Dungeon Crawl Stone Soup version 0.27-a0-1147-gb3d8e82157 (webtiles) character file.

Game seed: 5285771828649129547

1 kae the Skirmisher (level 1, -1/18 HPs)
             Began as a Demonspawn Fighter on May 11, 2021.
             Slain by a hobgoblin (4 damage)
             ... on level 1 of the Dungeon.
             The game lasted 00:00:03 (22 turns).

kae the Skirmisher (Demonspawn Fighter)               Turns: 22, Time: 00:00:04

Health: -1/18      AC:  6    Str: 16    XL:     1   Next: 16%
Magic:  1/1        EV:  6    Int:  9    God:
Gold:   0          SH:  8    Dex: 12    Spells: 0/0 levels left

rFire    . . .     SeeInvis .   a - +0 long sword
rCold    . . .     Faith    .   c - +0 kite shield
rNeg     . . .     Spirit   .   b - +0 scale mail
rPois    .         Reflect  .   (no helmet)
rElec    .         Harm     .   (no cloak)
rCorr    .         Rampage  .   (no gloves)
Will     .....                  (no boots)
Stlth    ..........             (no amulet)
HPRegen  0.06/turn              (no ring)
MPRegen  0.07/turn              (no ring)

@: no status effects
A: no striking features
a: no special abilities


You were on level 1 of the Dungeon.
You visited 1 branch of the dungeon, and saw 1 of its levels.

Inventory:

Hand Weapons
 a - a +0 long sword (weapon)
Armour
 b - a +0 scale mail (worn)
 c - a +0 kite shield (worn)
Scrolls
 e - 2 scrolls of holy word {unknown}
Potions
 d - a potion of might


   Skills:
 + Level 3.0 Fighting
 * Level 1.8 Long Blades
 - Level 2.6 Armour
 - Level 2.6 Shields


You couldn't memorise any spells.
You didn't know any spells.
Your spell library was empty.

Dungeon Overview and Level Annotations

Branches:
Dungeon (1/15)

Altars:


Message History

You are too injured to fight recklessly!
You are too injured to fight recklessly!
There are monsters nearby!
You are too injured to fight recklessly!
You are too injured to fight recklessly!
You are too injured to fight recklessly!
You are too injured to fight recklessly!
You slash the kobold!
You kill the kobold!
The quokka bites you but does no damage.
The hobgoblin hits you but does no damage.
The goblin hits you with a +0 dagger.
A rat comes into view.
The rat bites you but does no damage.
The quokka bites you but does no damage.
Your shield and scale mail prevent you from hitting the goblin.
You block the hobgoblin's attack. You block the goblin's attack.
The rat bites you but does no damage.
The quokka bites you but does no damage.
You block the goblin's attack.
The hobgoblin hits you but does no damage.
The quokka bites you but does no damage.
The rat bites you but does no damage.
You closely miss the goblin.
The hobgoblin hits you but does no damage.
You block the goblin's attack. The quokka bites you.
* * * LOW HITPOINT WARNING * * *
The rat bites you but does no damage.
The hobgoblin hits you but does no damage.
The goblin hits you but does no damage.
The quokka bites you but does no damage.
You closely miss the goblin. The rat bites you but does no damage.
The quokka bites you.
* * * LOW HITPOINT WARNING * * *
You block the hobgoblin's attack. You block the goblin's attack.
The rat bites you but does no damage.
You hit the quokka.
The quokka is severely wounded.
You block the quokka's attack. The hobgoblin hits you.
You die...

#.§§≈≈≈.#
#.§§$§≈.#
#.§§>§§.#
#.≈≈!≈≈.#
#.≈≈≈§≈.#
#..≈≈§§.#
#...?...##
#.........###
..........@g#
.........rgr#
#.....#.#.r..#
.>.............
###?....(..#....
...............#
.....##.#.....#
.### #.#.....#


You could see a quokka, a hobgoblin, a goblin and 2 rats.

Vanquished Creatures
  A kobold (D:1)
1 creature vanquished.

Notes
Turn   | Place    | Note
-------+----------+-------------------------------------------
     0 | D:1      | kae the Demonspawn Fighter began the quest for the Orb.
     0 | D:1      | Reached XP level 1. HP: 18/18 MP: 1/1
    22 | D:1      | Slain by a hobgoblin

Illustrated notes

Levels and vault maps discovered:
D:1:      lemuel_arrival_lava_pool, layout_loops_ring

Action                   || total
-------------------------++-------
Melee: Long sword        ||     9
Armor: Scale mail        ||    22
Dodge: Dodged            ||     3
Block: Kite shield       ||    12
       Rpst.: Long sword ||     2

Table legend: (Time is in decaauts)
 A = Elapsed time spent in this place.
 B = Non-inter-level travel time spent in this place.
 C = Inter-level travel time spent in this place.
 D = Time resting spent in this place.
 E = Time spent auto-exploring this place.
 F = Levels seen in this place.
 G = Mean time per level.
                   A        B        C        D        E       F      G
               +--------+--------+--------+--------+--------+-----+--------+
         Total |     26 |     26 |      0 |      0 |      9 |   1 |   26.0 |
       Dungeon |     26 |     26 |      0 |      0 |      9 |   1 |   26.0 |
               +--------+--------+--------+--------+--------+-----+--------+

Top non-repeatable levels by time:
     D:1: 26 daAuts
